 Dungeon Crawl Stone Soup version 0.19-a0-45-g2c295ea (webtiles) character file.

368 Kenran the Cleaver (level 6, 0/51 HPs)
             Began as a Hill Orc Fighter on May 5, 2016.
             Was an Initiate of the Shining One.
             Succumbed to an orc wizard's poison
             ... on level 4 of the Dungeon.
             The game lasted 00:09:27 (3829 turns).

Kenran the Cleaver (Hill Orc Fighter)               Turns: 3829, Time: 00:09:27

Health: 0/51       AC:  9    Str: 21    XL:     6   Next: 69%
Magic:  6/6        EV:  5    Int: 13    God:    the Shining One [......]
Gold:   198        SH:  9    Dex: 10    Spells: 0 memorised, 5 levels left

rFire  . . .     SeeInvis .     w - +0 war axe
rCold  . . .     Gourm    .     h - +0 chain mail
rNeg   . . .     Faith    .     c - +0 shield
rPois  .         Spirit   .     (no helmet)
rElec  .         Dismiss  .     (no cloak)
rCorr  .         Reflect  .     (no gloves)
SustAt .         Harm     .     (no boots)
MR     .....                    (no amulet)
Stlth  ..........               (no ring)
                                (no ring)

@: brilliant, lethally poisoned (0 -> -49), flying, glowing, not resistant to
hostile enchantments, extremely unstealthy
A: no striking features
a: Renounce Religion, Convert to Beogh


You were on level 4 of the Dungeon.
You worshipped the Shining One.
The Shining One was noncommittal.
You were hungry.

You visited 2 branches of the dungeon, and saw 5 of its levels.

You collected 198 gold pieces.

Inventory:

Hand Weapons
 w - a +0 war axe (weapon)
Armour
 c - a +0 shield (worn)
 e - a +1 ring mail of magic resistance
 h - a +0 chain mail (worn)
Scrolls
 b - 3 scrolls of recharging {unknown}
 i - a scroll of fear {unknown}
 l - a scroll of immolation {unknown}
 m - a scroll of amnesia {unknown}
 n - a scroll of random uselessness {unknown}
 q - a scroll of fog {unknown}
 r - a scroll of teleportation {unknown}
 s - 2 scrolls of enchant weapon {unknown}
 t - 4 scrolls of identify {unknown}
 v - a scroll of magic mapping {unknown}
Potions
 a - a potion of ambrosia {unknown}
 d - 3 potions of might
 g - a potion of brilliance
 j - a potion of lignification {unknown}
 k - a potion of heal wounds {unknown}
 p - a potion of flight
Comestibles
 f - 4 bread rations
 o - 3 meat rations


   Skills:
 - Level 3.6 Fighting
 + Level 9.1 Axes
 - Level 3.2 Armour
 - Level 3.2 Shields


You had 5 spell levels left.
You didn't know any spells.

Dungeon Overview and Level Annotations

Branches:
Dungeon (4/15)             Temple (1/1) D:4

Altars:
Ashenzari
Cheibriados
Dithmenos
Elyvilon
Fedhas
Gozag
Kikubaaqudgha
Makhleb
Nemelex Xobeh
Pakellas
Qazlal
Ru
Sif Muna
Trog
Vehumet
Xom
Yredelemnul
Zin
The Shining One

Annotations:
D:2 Sigmund


Message History

You feel very sick. Something hits you.
You are more poisoned.
The orc priest mumbles some strange prayers to Beogh against you.
Beogh smites you!
* * * LOW HITPOINT WARNING * * *
Drink which item? (? for menu, Esc to quit)
It was a potion of brilliance.
You feel clever all of a sudden.
* * * LOW HITPOINT WARNING * * *
You feel very sick. Something hits you but does no damage.
You are more poisoned.
Something hits you.
* * * LOW HITPOINT WARNING * * *
Drink which item? (? for menu, Esc to quit)
It was a potion of flight.
You feel very buoyant.
You fly up into the air.
You die... #.# #.# # #.. #.# #. ... #.# #. #.# ## #.# ...%... #.############?#.#. #............. ooo

######.###.### #{#
#####........# #@#
......#..###.###.#
#####....# #.....#
####.###.#####
#.....# #######


You could see an orc priest and 2 orcs.

Vanquished Creatures
  2 orc priests (D:3)
  An orc wizard (D:3)
  A giant frog skeleton (D:4)
  An iguana (D:4)
  Robin (D:4)
  3 gnolls (D:4)
  8 adders
  An ooze (D:3)
  4 worms (D:2)
  A dart slug (D:1)
  3 giant geckos (D:1)
  6 orcs
  7 bats
  4 giant cockroaches
  13 goblins
  13 hobgoblins
  3 jackals (D:2)
  A quokka (D:1)
  2 ball pythons
  3 giant newts
  10 kobolds
  8 rats
96 creatures vanquished.

Notes
Turn   | Place    | Note
--------------------------------------------------------------
     0 | D:1      | Kenran the Hill Orc Fighter began the quest for the Orb.
     0 | D:1      | Reached XP level 1. HP: 19/19 MP: 1/1
    90 | D:1      | Reached skill level 3 in Axes
   139 | D:1      | Reached XP level 2. HP: 17/26 MP: 2/2
   429 | D:1      | Reached skill level 4 in Axes
   608 | D:1      | Reached XP level 3. HP: 25/31 MP: 3/3
  1199 | D:2      | Reached skill level 5 in Axes
  1425 | D:2      | Reached XP level 4. HP: 25/39 MP: 4/4
  1776 | D:2      | Noticed Sigmund
  1952 | D:3      | Reached skill level 6 in Axes
  2650 | D:3      | Reached XP level 5. HP: 45/45 MP: 5/5
  2797 | D:3      | Found a shattered altar of Ashenzari.
  2850 | D:3      | Reached skill level 7 in Axes
  3243 | D:3      | Reached skill level 8 in Axes
  3243 | D:3      | Reached XP level 6. HP: 46/51 MP: 6/6
  3327 | D:4      | Found a staircase to the Ecumenical Temple.
  3369 | Temple   | Entered the Ecumenical Temple
  3488 | Temple   | Became a worshipper of the Shining One
  3557 | D:4      | Noticed Robin
  3593 | D:4      | Killed Robin
  3599 | D:4      | Reached skill level 9 in Axes
  3755 | D:4      | Got a jewelled mace
  3756 | D:4      | Identified the +5 mace "Huwkiew" {crush, +Blink Str-2 Int+6} (You found it on level 4 of the Dungeon)
  3829 | D:4      | Succumbed to an orc wizard's poison

Vault maps used:
D:1:      scummos_arrival_checkerplants
D:2:      serial_glass, glass_columns_c, glass_columns_a, feat_on_display,
          due_unseen_surprise, feat_on_display, uniq_sigmund
D:3:      lemuel_doored_altar, first_bread
D:4:      minmay_temple_entry_overgrown, uniq_natasha, uniq_robin
Temple:   kilobyte_greek_temple_18

Skill      XL: |  1  2  3  4  5  6 |
---------------+-------------------+-----
Axes           | 3 4 5 6 8 9 |  9.1
Fighting       | |  3.6
Armour         | |  3.2
Shields        | |  3.2

Action                   |  1- 3 |  4- 6 || total
-------------------------+-------+-------++-------
Melee: War axe           |   120 |   255 ||   375
  Use: Potion            |       |     2 ||     2
  Eat: Chunk             |     1 |     7 ||     8
       Beef jerky        |       |     1 ||     1
Armor: Ring mail         |    12 |       ||    12
       Chain mail        |    70 |   131 ||   201
Dodge: Dodged            |    27 |    40 ||    67
Block: Shield            |    64 |   116 ||   180
